 Dungeon Crawl Stone Soup version 0.14-a0-1546-g4b4961f (webtiles) character file.

658 Malachi the Covered (level 6, 0/48 HPs)
             Began as a Demonspawn Fighter on Dec 19, 2013.
             Slain by an orc
             ... wielding a +0,+0 orcish falchion
              (5 damage)
             ... on Level 4 of the Dungeon.
             The game lasted 00:09:07 (3709 turns).

Malachi the Covered (Demonspawn Fighter)            Turns: 3709, Time: 00:09:08

HP   0/48        AC 20     Str 18      XL: 6   Next: 87%
MP   6/6         EV  4     Int  9      God:
Gold 175         SH 19     Dex 13      Spells:  0 memorised,  5 levels left

rFire  + . .     SeeInvis .     B - +1,+0 dwarf hand axe
rCold  . . .     Clarity  .     x - +1 chain mail {rF+}
rNeg   + + .     Conserve .     c - +0 shield
rPois  .         rCorr    .     n - +0 helmet
rElec  .         rRot     .     y - +2 cloak
SustAb . .       Spirit   .     f - +0 pair of gloves
rMut   .         Warding  .     (no boots)
Saprov . . .     Stasis   .     (no amulet)
                                k - ring of positive energy
                                j - ring of positive energy

@: slowed, very slow, slightly resistant to hostile enchantments, extremely
unstealthy
A: talons 2, iridescent scales 1
a: no special abilities


You were on level 4 of the Dungeon.
You were hungry.

You visited 1 branch of the dungeon, and saw 4 of its levels.

You collected 175 gold pieces.

Inventory:

Hand weapons
 a - a +0,+0 hand axe
 l - a +1,+1 sling of velocity
 B - a +1,+0 dwarven hand axe (weapon)
Missiles
 o - 2 tomahawks (quivered)
Armour
 c - a +0 shield (worn)
 f - a +0 pair of gloves (worn)
 n - a +0 helmet (worn)
 x - a +1 chain mail of fire resistance (worn)
 y - a +2 cloak (worn)
Magical devices
 F - a wand of disintegration (8) {unknown}
Comestibles
 d - 6 bread rations
 w - 2 apples
 E - a pear
 H - a rotting chunk of orc flesh
Scrolls
 b - 2 scrolls of random uselessness {unknown}
 g - a scroll of immolation {unknown}
 m - a scroll of identify
 p - 2 scrolls of noise {unknown}
 q - a scroll of curse weapon {unknown}
 r - a scroll of enchant weapon II {unknown}
 t - 3 scrolls of remove curse {unknown}
 u - a scroll of recharging {unknown}
 G - 3 scrolls of amnesia
Jewellery
 j - a ring of positive energy (left hand)
 k - a ring of positive energy (right hand)
 D - a cursed ring of flight
Potions
 h - a potion of lignification {unknown}
 i - a potion of porridge
 s - a potion of confusion {unknown}
 v - 2 potions of curing {unknown}
 z - a potion of agility {unknown}
 A - a potion of beneficial mutation {unknown}
 C - a potion of flight {unknown}


   Skills:
 + Level 4.0 Fighting
 + Level 3.3 Axes
 + Level 4.1 Armour
 + Level 2.7 Dodging
 + Level 4.0 Shields


You had 5 spell levels left.
You didn't know any spells.

Dungeon Overview and Level Annotations

Branches:
Dungeon (4/16)
 Temple: D:4-7

Altars:
the Shining One

Annotations:
D:2 Sigmund


Innate Abilities, Weirdness & Mutations

You have razor-sharp toenails.
You are partially covered in iridescent scales (AC +4).


Message History

The orc wizard is almost dead.
You block the orc wizard's attack. The orc hits you but does no damage.
The orc priest prays to Beogh.
You feel a wave of unholy energy pass over you.
The orc wizard hits you but does no damage.
You hit the orc wizard. You claw the orc wizard.
You kill the orc wizard!
Your Shields skill increases to level 4!
The orc priest calls down the wrath of Beogh upon you.
Something smites you! The orc hits you but does no damage.
The orc hits you with an orcish falchion.
You hit the orc. Your kick misses the orc.
The orc is lightly wounded.
The orc priest invokes the aid of Beogh against you.
Something smites you!
* * * LOW HITPOINT WARNING * * *
The orc hits you but does no damage.
The orc hits you with an orcish falchion.
You die...

# #.# #.........# #.#
####+###### #.# #.# #.#
### ####)######
..###.........#### #.#
######
..#............)o###......
#.....
..#.#.........##@o.o......
#.####
..+.#...^.....######......
..###.........# ... ..#
#####.##### . ### #.###
#...# # ###.# .# # #
#####'### ######.## # #
#.......# #.......## ###


You could see an orc priest and 2 orcs.

Vanquished Creatures
  A phantom (D:4)
  2 orc wizards (D:4)
  2 worker ants (D:4)
  Ijyb (D:3)
  6 adders
  A giant mite (D:4)
  4 worms
  A giant gecko (D:1)
  An ooze (D:2)
  3 orcs
  6 hobgoblins
  3 ball pythons
  9 bats
  2 giant cockroaches
  A giant gecko skeleton (D:4)
  6 giant newts
  5 goblins
  3 jackals (D:3)
  9 kobolds
  4 rats
  2 ballistomycetes (D:4)
72 creatures vanquished.

Vanquished Creatures (others)
  A giant spore (D:4)
1 creature vanquished.

Grand Total: 73 creatures vanquished

Notes
Turn   | Place    | Note
--------------------------------------------------------------
     0 | D:1      | Malachi, the Demonspawn Fighter, began the quest for the Orb.
     0 | D:1      | Reached XP level 1. HP: 18/18 MP: 1/1
   381 | D:1      | Gained mutation: You have sharp toenails. [demonic ancestry]
   381 | D:1      | Reached XP level 2. HP: 24/24 MP: 2/2
   674 | D:2      | Found a glowing golden altar of the Shining One.
   686 | D:2      | Gained mutation: You have razor-sharp toenails. [demonic ancestry]
   686 | D:2      | Reached XP level 3. HP: 24/29 MP: 3/3
   945 | D:2      | Noticed Sigmund
  1320 | D:2      | Reached skill level 1 in Dodging
  1839 | D:2      | Reached XP level 4. HP: 18/36 MP: 4/4
  2220 | D:3      | Noticed Ijyb
  2232 | D:3      | Killed Ijyb
  3064 | D:3      | Gained mutation: You are partially covered in iridescent scales (AC +4). [demonic ancestry]
  3064 | D:3      | Reached XP level 5. HP: 40/42 MP: 5/5
  3203 | D:4      | Noticed a phantom
  3227 | D:4      | Killed a phantom
  3441 | D:4      | Reached XP level 6. HP: 44/48 MP: 6/6
  3677 | D:4      | Reached skill level 4 in Fighting
  3709 | D:4      | Slain by an orc

Action                   |  1- 3 |  4- 6 || total
-------------------------+-------+-------++-------
Melee: Hand axe          |   113 |   196 ||   309
  Use: Scroll            |     3 |     1 ||     4
       Potion            |     3 |     1 ||     4
